 Dungeon Crawl Stone Soup version 0.28-a0-906-g0406aca7d3 (webtiles) character file.

Game seed: 1287291829326330594

88674 tsouns the Sharpshooter (level 15, -22/81 HPs)
             Began as a Spriggan Wanderer on Nov 23, 2021.
             Was an Elder of Trog.
             Killed from afar by a frost giant (45 damage)
             ... with a bolt of cold
             ... in an ice cave.
             The game lasted 00:55:08 (22825 turns).

tsouns the Sharpshooter (Spriggan Wanderer)        Turns: 22825, Time: 00:55:08

Health: -22/81     AC:  5    Str: 12    XL:     15   Next: 47%
Magic:  0/17       EV: 28    Int: 17    God:    Trog [****..]
Gold:   1152       SH:  8    Dex: 14    Spells: 15/16 levels left

rFire   . . .      SeeInvis +   B - +4 quick blade (vorpal)
rCold   . . .      Faith    .   m - +1 buckler
rNeg    . . .      Spirit   +   c - +0 troll leather armour
rPois   .          Reflect  .   Q - +1 hat "Ilifim" {Fly rElec}
rElec   +          Harm     .   (no cloak)
rCorr   .          Rampage  .   (gloves unavailable)
Will    ++...                   (boots unavailable)
Stlth   ++++......              t - amulet of guardian spirit
HPRegen 1.23/turn               F - +4 ring of evasion
MPRegen 0.15/turn               P - +4 ring of evasion

@: flying, very quick
A: very small, no large weapons, unfitting armour, see invisible, speed 3
a: Renounce Religion, Berserk, Trog's Hand, Brothers in Arms


You were in an ice cave.
You worshipped Trog.
Trog was greatly pleased with you.
You visited 4 branches of the dungeon, and saw 20 of its levels.
You also visited: Ice Cave.

You collected 2099 gold pieces.
You spent 947 gold pieces at shops.

Inventory:

Hand Weapons
 a - a +3 vorpal hand crossbow
 B - a +4 vorpal quick blade (weapon)
 S - a +4 demon trident
Missiles
 b - 50 bolts
 j - 11 curare-tipped darts
 o - 109 poisoned darts (quivered)
 p - 14 throwing nets
Armour
 c - a +0 troll leather armour (worn)
 e - +0 swamp dragon scales
 m - a +1 buckler (worn)
 O - a +2 robe of willpower
 Q - the +1 hat "Ilifim" (worn) {Fly rElec}
   (You acquired it on level 1 of the Lair of Beasts)

   rElec:     It insulates you from electricity.
   Fly:       It grants you flight.
Jewellery
 d - a ring of protection from fire
 k - a ring of willpower
 t - an amulet of guardian spirit (around neck)
 F - a +4 ring of evasion (left hand)
 L - a ring of poison resistance
 P - a +4 ring of evasion (right hand)
Wands
 i - a wand of paralysis (5)
 v - a wand of flame (51)
 x - a wand of iceblast (24)
 y - a wand of charming (7)
 D - a wand of polymorph (8)
Scrolls
 g - a scroll of amnesia
 l - a scroll of fear
 s - 7 scrolls of teleportation
 u - a scroll of immolation
 z - 3 scrolls of blinking
 E - 2 scrolls of magic mapping
 R - 6 scrolls of identify
Potions
 f - 5 potions of flight
 h - 5 potions of curing
 n - 2 potions of mutation
 q - 2 potions of cancellation
 w - 2 potions of heal wounds
 A - 2 potions of magic
 C - a potion of ambrosia
 H - 4 potions of haste
 I - a potion of invisibility
 J - 2 potions of berserk rage
 K - a potion of lignification
 M - a potion of might
Miscellaneous
 G - a phantom mirror (inert)


   Skills:
 - Level 10.9 Fighting
 * Level 7.2 Short Blades
 - Level 1.3(1.7) Polearms
 - Level 1.4(1.8) Staves
 - Level 18.7 Crossbows
 - Level 0.3 Throwing
 - Level 3.5 Armour
 - Level 9.2 Dodging
 + Level 7.9 Stealth
 - Level 4.5 Shields
 - Level 1.2 Spellcasting
 - Level 2.9 Evocations


You had 15 spell levels left.
You knew the following spells:

 Your Spells              Type           Power      Damage    Failure   Level
a - Freeze                Ice            4%         1d3       32%         1

Your spell library contained the following spells:

 Spells                   Type           Power      Damage    Failure   Level
 Frozen Ramparts          Ice            2%         1d2       67%         3
 Airstrike                Air            0%         N/A       97%         4
 Cause Fear               Hex            0%         N/A       97%         4
 Hailstorm                Conj/Ice       1%         3d3       97%         4
 Summon Lightning Spire   Summ/Air       1%         N/A       97%         4
 Lightning Bolt           Conj/Air       0%         1d11      100%        5
 Dragon Form              Tmut           0%         N/A       100%        7
 Dragon's Call            Summ           0%         N/A       100%        9


Dungeon Overview and Level Annotations

Branches:
Dungeon (12/15)            Temple (0/1) D:6            Lair (6/6) D:10
  Swamp (0/4) Lair:2        Snake (0/4) Lair:2        Slime (1/5) Lair:5
    Orc (1/2) D:12          IceCv (1/1)

Altars:
Elyvilon
Fedhas
Ru
Trog
Xom

Shops:
D:5 [   D:10 !   Orc:1 !=[*

Annotations:
Lair:1 2 transporters
Orc:1 2 transporters, NigelTetley's ghost, journeyman TrFi


Innate Abilities, Weirdness & Mutations

You are very small and have problems with some larger weapons.
You are too small for most types of armour.
You have supernaturally acute eyesight. (SInv)
You cover ground extremely quickly. (Speed+++)


Message History

Press: ? - help, Shift-Dir - straight line, f - death yak
Aim: a death yak (severely wounded)
The mass of ice explodes!
The iceblast engulfs the death yak!
The death yak is severely wounded.
The iceblast engulfs the rime drake!
The rime drake partially resists.
You kill the rime drake!
Trog accepts your kill.
Unknown command.
Aiming: Iceblast
Press: ? - help, Shift-Dir - straight line, f/p - death yak
Aim: a death yak (severely wounded)
The mass of ice explodes!
The iceblast engulfs the death yak!
The death yak is almost dead.
The iceblast engulfs the frost giant!
The frost giant partially resists.
The frost giant is heavily wounded.
Aiming: Iceblast
Press: ? - help, Shift-Dir - straight line, f/p - death yak
Aim: a death yak (almost dead)
The mass of ice explodes!
The iceblast engulfs the death yak!
You kill the death yak!
Trog accepts your kill.
The iceblast engulfs the frost giant!
The frost giant partially resists.
The frost giant is heavily wounded.
The frost giant casts a spell at you. The bolt of cold hits you!!
Aiming: Iceblast
Press: ? - help, Shift-Dir - straight line, f - frost giant
Aim: a frost giant, wielding a +2 battleaxe of freezing (heavily wounded)
The mass of ice explodes!
The iceblast engulfs the frost giant.
The frost giant partially resists.
The frost giant is heavily wounded.
The iceblast engulfs the polar bear!
The polar bear partially resists.
The polar bear is moderately wounded.
Trog accepts your kill.
You feel a bit more experienced.
You are engulfed in freezing vapours.
* * * LOW HITPOINT WARNING * * *
The frost giant gestures at you while chanting.
The bolt of cold hits you!!!
Ouch! That really hurt!
You die...

#..# #..# . ##..#
...###...### .......hh#≈#
.....†.C##≈## ####
.......#†#≈≈# ##..## ####
......h#≈○≈≈###.#..###..###
#.Y...##≈≈@≈.#...#..#.#..#.
#.k..# #≈≈#.#..####....#..#
##... #####.### ########.
##. ### ## ## # #### ##..##
# #....## ###


You could see a frost giant and a polar bear.

Vanquished Creatures
  An ettin (Orc:1)
  3 hydras
  Erolcha (D:10)
  Harold (D:7)
  3 death yaks (IceCv)
  5 two-headed ogres
  2 bog bodies (Lair:2)
  Pikel (D:4)
  4 lindwurms (Lair:3)
  An orc knight (Orc:1)
  2 orc sorcerers (Orc:1)
  2 oklob plants (Lair:2)
  An elephant (Lair:4)
  A cyclops (D:11)
  2 ugly things
  3 black mambas
  13 cane toads
  An ice statue (IceCv)
  A gargoyle (D:11)
  A torpor snail (Lair:1)
  An unseen horror (D:11)
  Maggie (D:7)
  3 rime drakes (IceCv)
  2 komodo dragons
  2 polar bears
  2 trolls (D:12)
  12 blink frogs
  2 dream sheep (Lair:1)
  Grinder (D:5)
  4 slime creatures
  A vampire (D:10)
  A shadow (D:9)
  Grum (D:9)
  29 yaks
  3 wraiths
  4 basilisks
  5 wargs
  2 nagas (Lair:2)
  An acid dragon (D:11)
  17 water moccasins
  An ice beast (D:5)
  3 sky beasts
  3 black bears
  16 orc warriors
  A necrophage (D:5)
  5 ogres
  21 wolves
  7 centaurs
  A phantom (D:5)
  3 kobold brigands
  Blork the orc (D:5)
  13 bullfrogs
  A scorpion (D:2)
  4 gnoll sergeants
  A water moccasin skeleton (D:7)
  4 killer bees (D:10)
  3 wights (D:9)
  A vampire bat (D:8)
  4 howler monkeys
  A bullfrog zombie (D:7)
  4 centaur zombies
  2 jellies
  A bullfrog skeleton (D:6)
  A centaur skeleton (D:7)
  5 hounds
  11 orc priests
  3 gnoll shamans
  Jessica (D:3)
  4 iguanas
  20 orc wizards
  31 gnolls
  A howler monkey skeleton (D:6)
  2 adders
  A dart slug (D:1)
  50 orcs
  9 ball pythons
  13 endoplasms
  4 giant cockroaches
  10 goblins
  14 hobgoblins
  9 jackals
  4 quokkas
  9 bats
  5 frilled lizards
  12 kobolds
  12 rats
475 creatures vanquished.

Vanquished Creatures (collateral kills)
  A catoblepas (Lair:5)
  5 death yaks
  An orc high priest (Orc:1)
  A manticore (D:11)
  14 elephants
  2 cane toads
  4 rime drakes (IceCv)
  A komodo dragon (Lair:5)
  A troll (D:11)
  3 polar bears (IceCv)
  3 blink frogs (Lair:5)
  5 yaks (IceCv)
  A warg (Orc:1)
  A water moccasin (Lair:5)
  An orc warrior (Orc:1)
  3 wolves (IceCv)
  A centaur (D:11)
  An orc priest (Orc:1)
  2 river rats (D:10)
  A quokka (D:10)
  A rat (D:10)
53 creatures vanquished.

Vanquished Creatures (others)
  A quokka (D:10)
  5 fungi
  31 plants
37 creatures vanquished.

Grand Total: 565 creatures vanquished

Notes
Turn   | Place    | Note
-------+----------+-------------------------------------------
     0 | D:1      | tsouns the Spriggan Wanderer began the quest for the Orb.
     0 | D:1      | tsouns set off with the following items: a +2 hand
                  | crossbow, 26 bolts, a potion of lignification, a +0 spear,
                  | a +0 robe
     0 | D:1      | Reached XP level 1. HP: 10/10 MP: 2/2
   137 | D:1      | Reached XP level 2. HP: 15/15 MP: 3/3
   321 | D:1      | Reached skill level 3 in Crossbows
   389 | D:1      | Reached XP level 3. HP: 18/18 MP: 4/4
   420 | D:1      | Learned a level 1 spell: Freeze
   808 | D:2      | Noticed a scorpion
   821 | D:2      | Killed a scorpion
   822 | D:2      | Reached skill level 4 in Crossbows
   822 | D:2      | Reached skill level 1 in Spellcasting
   822 | D:2      | Reached XP level 4. HP: 19/23 MP: 4/6
  1033 | D:2      | Found a faded altar of an unknown god.
  1040 | D:2      | Prayed at the altar of an unknown god.
  1040 | D:2      | Became a worshipper of Trog the Wrathful
  1040 | D:2      | Reached * piety under Trog
  2328 | D:3      | Reached XP level 5. HP: 25/27 MP: 7/7
  2404 | D:3      | You fall into a shaft and drop 3 floors!
  2462 | D:6      | Noticed an ogre
  2483 | D:6      | Killed an ogre
  2484 | D:6      | Reached skill level 5 in Crossbows
  2499 | D:6      | Noticed an orc warrior
  2574 | D:6      | Found a staircase to the Ecumenical Temple.
  2594 | D:6      | Noticed a sky beast
  2626 | D:6      | Reached XP level 6. HP: 32/32 MP: 8/8
  2685 | D:5      | Entered Level 5 of the Dungeon
  2812 | D:5      | Found Foisow's Armour Shoppe.
  2920 | D:5      | Noticed an ice beast
  2927 | D:5      | Killed an ice beast
  2928 | D:5      | Reached skill level 6 in Crossbows
  2947 | D:5      | Reached XP level 7. HP: 36/36 MP: 9/9
  3028 | D:4      | Noticed Grinder
  3033 | D:4      | Paralysed by Grinder for 6 turns
  3058 | D:5      | Killed Grinder
  3059 | D:5      | Reached skill level 7 in Crossbows
  3336 | D:4      | Reached ** piety under Trog
  3397 | D:3      | Found a sacrificial altar of Ru.
  3397 | D:3      | Found a shimmering altar of Xom.
  3848 | D:3      | Noticed Jessica
  3853 | D:3      | Killed Jessica
  3991 | D:4      | Noticed Pikel
  4047 | D:4      | Killed Pikel
  4048 | D:4      | Reached skill level 9 in Crossbows
  4048 | D:4      | Reached XP level 8. HP: 42/42 MP: 10/10
  4784 | D:4      | Reached *** piety under Trog
  4978 | D:5      | Reached skill level 10 in Crossbows
  5212 | D:5      | Noticed Blork the orc
  5217 | D:5      | Killed Blork the orc
  5283 | D:5      | Reached XP level 9. HP: 45/46 MP: 11/11
  6504 | D:6      | Reached skill level 11 in Crossbows
  6508 | D:6      | Reached skill level 5 in Fighting
  6625 | D:7      | Noticed Maggie
  7165 | D:7      | Noticed Harold
  7368 | D:7      | Killed Maggie
  7369 | D:7      | Reached skill level 1 in Shields
  7680 | D:7      | Killed Harold
  7681 | D:7      | Reached skill level 12 in Crossbows
  8083 | D:7      | Reached XP level 10. HP: 53/53 MP: 12/12
  8691 | D:8      | Reached **** piety under Trog
  9395 | D:8      | Reached skill level 5 in Dodging
 10076 | D:8      | Reached skill level 1 in Armour
 10742 | D:9      | Noticed Grum
 10797 | D:9      | Reached skill level 13 in Crossbows
 11078 | D:9      | Noticed a two-headed ogre
 11090 | D:9      | Killed a two-headed ogre
 11156 | D:9      | Killed Grum
 11401 | D:9      | Reached ***** piety under Trog
 11715 | D:9      | You fall into a shaft and drop 1 floor!
 11715 | D:10     | Entered Level 10 of the Dungeon
 11740 | D:10     | Noticed Erolcha
 11755 | D:10     | Noticed a two-headed ogre
 12056 | D:10     | Noticed a death yak
 12068 | D:10     | Killed a death yak
 12069 | D:10     | Reached XP level 11. HP: 38/58 MP: 13/13
 12074 | D:10     | Found a staircase to the Lair.
 12078 | D:10     | Noticed a death yak
 12078 | D:10     | Noticed a death yak
 12087 | D:10     | Killed a death yak
 12090 | D:10     | Killed a death yak
 12305 | D:10     | Reached skill level 14 in Crossbows
 12409 | D:10     | Killed Erolcha
 12452 | D:10     | Killed a two-headed ogre
 12615 | D:10     | Found Muss's Distillery.
 12618 | D:10     | Bought a potion of haste for 110 gold pieces
 12618 | D:10     | Bought a potion of invisibility for 88 gold pieces
 12618 | D:10     | Bought a potion of berserk rage for 55 gold pieces
 12618 | D:10     | Bought a potion of attraction for 33 gold pieces
 12726 | D:10     | Noticed a two-headed ogre
 12770 | D:10     | Killed a two-headed ogre
 12928 | D:10     | Noticed a two-headed ogre
 12975 | D:10     | Killed a two-headed ogre
 13396 | D:10     | Found a white marble altar of Elyvilon.
 13732 | D:11     | Noticed a white ugly thing
 13916 | D:11     | Reached skill level 15 in Crossbows
 14046 | D:11     | Noticed a two-headed ogre
 14076 | D:10     | Killed a two-headed ogre
 14271 | D:10     | Killed a white ugly thing
 14272 | D:10     | Reached XP level 12. HP: 65/65 MP: 14/14
 15095 | D:12     | Noticed an eight-headed hydra
 15134 | D:12     | Killed an eight-headed hydra
 15305 | D:12     | Found a staircase to the Orcish Mines.
 15888 | Orc:1    | Entered Level 1 of the Orcish Mines
 15888 | Orc:1    | Found a transporter.
 15890 | Orc:1    | Found Niack's Distillery.
 15901 | Orc:1    | Bought a potion of might for 48 gold pieces
 15901 | Orc:1    | Bought 2 potions of curing for 72 gold pieces
 15937 | Orc:1    | Reached skill level 16 in Crossbows
 16185 | Orc:1    | Noticed NigelTetley's ghost (journeyman TrFi)
 16247 | Orc:1    | Found a dark tunnel.
 16311 | Orc:1    | Found a transporter.
 16496 | Orc:1    | Found Puzuxa's Jewellery Shoppe.
 16498 | Orc:1    | Noticed an ettin
 16534 | Orc:1    | Killed an ettin
 16571 | Orc:1    | Bought an amulet of guardian spirit for 510 gold pieces
 16581 | Orc:1    | Found Elusip's Antique Armour Emporium.
 16584 | Orc:1    | Noticed an orc high priest
 16605 | Orc:1    | Killed an orc high priest
 16710 | Orc:1    | Found Goczo's Assorted Antiques.
 16719 | Orc:1    | Bought a scroll labelled BONGAOG KOCEGG for 31 gold pieces
 17080 | Lair:1   | Entered Level 1 of the Lair of Beasts
 17231 | Lair:1   | Identified a scroll of acquirement
 17231 | Lair:1   | Acquired the +1 hat "Ilifim" {Fly rElec}
 17319 | Lair:1   | Reached skill level 17 in Crossbows
 17442 | Lair:1   | Noticed a four-headed hydra
 17446 | Lair:1   | Killed a four-headed hydra
 17447 | Lair:1   | Reached XP level 13. HP: 70/70 MP: 15/15
 17632 | Lair:1   | Received a gift from Trog
 17664 | Lair:1   | Found a transporter.
 17667 | Lair:1   | Found a transporter.
 18242 | Lair:2   | Found a staircase to the Swamp.
 18516 | Lair:2   | Found a blossoming altar of Fedhas.
 18654 | Lair:2   | Found a staircase to the Snake Pit.
 18668 | Lair:2   | Reached skill level 10 in Fighting
 19558 | Lair:3   | Reached skill level 18 in Crossbows
 20950 | Lair:5   | Reached skill level 1 in Staves
 21015 | Lair:5   | Found a staircase to the Slime Pits.
 21042 | Lair:5   | Reached XP level 14. HP: 77/77 MP: 16/16
 21221 | Lair:5   | Received a gift from Trog
 21656 | Lair:5   | Reached skill level 1 in Short Blades
 21810 | Slime:1  | Entered Level 1 of the Pits of Slime
 21860 | Lair:6   | Entered Level 6 of the Lair of Beasts
 21885 | Lair:6   | Found a frozen archway.
 21927 | IceCv    | Entered an ice cave
 22547 | IceCv    | Reached skill level 5 in Stealth
 22647 | IceCv    | Reached XP level 15. HP: 81/81 MP: 17/17
 22683 | IceCv    | Noticed a frost giant
 22825 | IceCv    | Killed from afar by a frost giant

Illustrated notes

Levels and vault maps discovered:
D:1:      amcnicky_arrival_wind_blow, layout_basic,
          chequers_serial_rivers_micro_e, kennysheep_small_spiral,
          minmay_misc_feat_square, minmay_tetromino_l4
D:2:      layout_loops_corners, hellmonk_ecumenical_altar_crossroads
D:3:      layout_basic, nicolae_overflow_hidden_temple, chequers_jeans,
          minivault_24, uniq_jessica
D:4:      layout_rooms, uniq_grinder, uniq_pikel
D:5:      layout_cave_pools, serial_shops, nicolae_take_the_stairs,
          skrybe_limestone_x, nrook_uturn, uniq_blork_the_orc
D:6:      layout_loops_cross, minmay_temple_entry_glass
D:7:      layout_gridville, minmay_stone_trees_small, uniq_maggie, uniq_harold
D:8:      kennysheep_housing_project, layout_loops_ring, roderic_batcave
D:9:      layout_rooms, uniq_grum
D:10:     layout_basic, elyvilon_altar_4, dpeg_lair_monsters, serial_shops,
          kennysheep_mini_moat, nooodl_orcs_dogs, uniq_erolcha
D:11:     layout_cave_pools
D:12:     layout_roguey, erik_orc_3
Lair:1:   gammafunk_boulding_lane, layout_regular_city, grunt_megastairs_5
Lair:2:   layout_regular_city, skrybe_swamp_entry_bodies,
          guppyfry_snake_entry_island, hangedman_tree_tricks
Lair:3:   layout_big_grid, minmay_lindwurm_lava, lemuel_fruit_tree,
          grunt_megastairs_3
Lair:4:   layout_cave_shapes, serial_bayou_pond_c, infiniplex_staircase_pool_2
Lair:5:   layout_regular_city, slime_dummy, grunt_megastairs_1
Lair:6:   hangedman_lair_in_review, layout_regular_city,
          portal_ice_cave_entry_pillars_2
Slime:1:  layout_caves
Orc:1:    layout_diamond_mine, serial_shops, shop_statue, nicolae_shop_trees,
          shop, nicolae_square_shop, lightli_volcano_entry_magma_tube,
          gammafunk_ghost_arena
IceCv:    ice_cave_small_giant

Skill      XL: |  1  2  3  4  5  6  7  8  9 10 11 12 13 14 15 |
---------------+----------------------------------------------+-----
Fighting       | 2 3 4 5 7 8 9 10 | 10.9
Crossbows      | 3 4 5 6 9 10 12 13 15 17 18 | 18.7
Spellcasting   | 1 |  1.2
Dodging        | 3 4 5 6 7 8 9 |  9.2
Shields        | 1 2 3 4 |  4.5
Armour         | 1 3 |  3.5
Staves         | 1 |  1.4
Stealth        | 7 |  7.9
Evocations     | 2 |  2.9
Short Blades   | 6 7 |  7.2
Polearms       | |  1.3
Throwing       | |  0.3

Action                   |  1- 3 |  4- 6 |  7- 9 | 10-12 | 13-15 || total
-------------------------+-------+-------+-------+-------+-------++-------
Melee: Spear             |    29 |    54 |       |       |       ||    83
       Demon trident     |       |       |       |       |    46 ||    46
       Quick blade       |       |       |       |       |   447 ||   447
 Fire: Hand crossbow     |    59 |    67 |   333 |   920 |   442 ||  1821
Throw: Dart              |       |       |       |       |     5 ||     5
Invok: Brothers in Arms  |       |       |       |     4 |    10 ||    14
Evoke: Wand              |       |       |     6 |    19 |    10 ||    35
       Phantom mirror    |       |       |       |       |     1 ||     1
  Use: Scroll            |       |     6 |     5 |    13 |     2 ||    26
       Potion            |       |       |     4 |     1 |     1 ||     6
 Stab: Sleeping          |       |     4 |       |       |       ||     4
Armor: Robe              |     9 |     4 |     9 |       |       ||    22
       Skin              |       |       |     3 |       |       ||     3
       Swamp dragon scal |       |       |       |    31 |       ||    31
       Troll leather arm |       |       |       |    10 |    42 ||    52
Dodge: Dodged            |    27 |    48 |    61 |   198 |   502 ||   836
Block: Buckler           |       |     6 |    28 |    98 |   182 ||   314

Table legend: (Time is in decaauts)
 A = Elapsed time spent in this place.
 B = Non-inter-level travel time spent in this place.
 C = Inter-level travel time spent in this place.
 D = Time resting spent in this place.
 E = Time spent auto-exploring this place.
 F = Levels seen in this place.
 G = Mean time per level.
                   A        B        C        D        E       F      G
               +--------+--------+--------+--------+--------+-----+--------+
         Total |  17440 |  16942 |    498 |      0 |  12340 |  21 |  830.5 |
       Dungeon |  12447 |  12069 |    378 |      0 |   9200 |  12 | 1037.2 |
          Lair |   3496 |   3391 |    105 |      0 |   2298 |   6 |  582.7 |
    Slime Pits |      3 |      3 |      0 |      0 |      0 |   1 |    3.0 |
  Orcish Mines |    834 |    819 |     15 |      0 |    552 |   1 |  834.0 |
      Ice Cave |    657 |    657 |      0 |      0 |    290 |   1 |  657.0 |
               +--------+--------+--------+--------+--------+-----+--------+

Top non-repeatable levels by time:
     D:8: 1880 daAuts
     D:6: 1828 daAuts
    D:10: 1606 daAuts
     D:9: 967 daAuts
     D:7: 929 daAuts
     D:5: 885 daAuts
     D:4: 844 daAuts
   Orc:1: 834 daAuts
  Lair:2: 775 daAuts
     D:2: 772 daAuts
  Lair:5: 766 daAuts
     D:3: 750 daAuts
    D:12: 724 daAuts
  Lair:4: 666 daAuts
    D:11: 663 daAuts
